| TOP OF THE 1ST |
|
Seattle Mariners batting - Pitching for Texas Rangers : RHP Gavin Nelson
|
|
Pitching: RHP Gavin Nelson
|
|
|
Batting: LHB Dae-ik Yoon
|
0-0: Ball 1-0: Called Strike 1-1: Ball 2-1: Ground out 5-3 (Groundball, 5, EV 86.2 MPH)
|
|
Batting: RHB Jose Vasquez
|
0-0: Ball 1-0: Ball 2-0: Ground out 6-3 (Groundball, 6, EV 86.2 MPH)
|
|
Batting: SHB Floyd-William Goof
|
0-0: Called Strike 0-1: Ball 1-1: Ball 2-1: Ball 3-1: Base on Balls
|
|
Batting: RHB Steve Jordan
|
0-0: Ball 1-0: Called Strike 1-1: Foul Ball, location: 2F 1-2: Ball 2-2: SINGLE (Groundball, 34D, EV 98.8 MPH) Floyd-William Goof to second Runner from 2nd tries for 3rd, SAFE, throw by RF made to third
|
|
Batting: SHB Robbie Rogers
|
0-0: Fly out, F7 (Line Drive, 78M, EV 91.9 MPH)
|
| Top of the 1st over - 0 runs, 1 hit, 0 errors, 2 left on base; Seattle 0 - Texas 0 |
| BOTTOM OF THE 1ST |
|
Texas Rangers batting - Pitching for Seattle Mariners : LHP Antonio Diaz
|
|
Pitching: LHP Antonio Diaz
|
|
|
Batting: RHB Blake Ballard
|
0-0: Ball 1-0: SINGLE (Line Drive, 9S, EV 97.5 MPH)
|
|
Batting: RHB Butch Kaiser
|
0-0: Called Strike 0-1: Swinging Strike 0-2: Ball 1-2: Ball 2-2: Ball 3-2: Foul Ball, location: 2F 3-2: Strikes out swinging Blake Ballard steals 2nd base Batter strikes out.
|
|
Batting: SHB John Giesbrecht
|
0-0: Called Strike Blake Ballard steals 3rd base 0-1: Ball 1-1: Ball 2-1: Called Strike 2-2: Ball 3-2: Strikes out looking
|
|
Batting: SHB Addick de Vries
|
0-0: Ball 1-0: Swinging Strike 1-1: Ball 2-1: Swinging Strike 2-2: Strikes out swinging
|
| Bottom of the 1st over - 0 runs, 1 hit, 0 errors, 1 left on base; Seattle 0 - Texas 0 |
| TOP OF THE 2ND |
|
Seattle Mariners batting - Pitching for Texas Rangers : RHP Gavin Nelson
|
|
Batting: RHB Pavpv Ivanushkin
|
0-0: Called Strike 0-1: Swinging Strike 0-2: Foul Ball, location: 2F 0-2: Foul Ball, location: 2F 0-2: Strikes out swinging
|
|
Batting: RHB Tony Vargas
|
0-0: Ball 1-0: Ball 2-0: Foul Ball, location: 2F 2-1: Ground out 3-1 (Groundball, 34, EV 101.2 MPH)
|
|
Batting: RHB Harutomi Matsubara
|
0-0: Ground out 6-3 (Groundball, 6, EV 85.0 MPH)
|
| Top of the 2nd over - 0 runs, 0 hits, 0 errors, 0 left on base; Seattle 0 - Texas 0 |
| BOTTOM OF THE 2ND |
|
Texas Rangers batting - Pitching for Seattle Mariners : LHP Antonio Diaz
|
|
Batting: RHB Chad Thompson
|
0-0: Ball 1-0: Fly out, F4 (Popup, 4, EV 56.9 MPH)
|
|
Batting: RHB Ray Llewellyn
|
0-0: Ball 1-0: Foul Ball, location: 2LF, Error on foul ball, E2 1-1: Called Strike 1-2: Ball 2-2: Ground out 5-3 (Groundball, 5, EV 76.9 MPH)
|
|
Batting: RHB Zhao-ji Chi
|
0-0: Ball 1-0: Ball 2-0: Fly out, F8 (Flyball, 89D, EV 103.8 MPH)
|
| Bottom of the 2nd over - 0 runs, 0 hits, 1 error, 0 left on base; Seattle 0 - Texas 0 |
| TOP OF THE 3RD |
|
Seattle Mariners batting - Pitching for Texas Rangers : RHP Gavin Nelson
|
|
Batting: RHB Jimmy Hammertime
|
0-0: Ball 1-0: SINGLE (Groundball, 6MD, EV 96.2 MPH)
|
|
Batting: LHB Dae-ik Yoon
|
0-0: Called Strike 0-1: Ball 1-1: Swinging Strike 1-2: Foul Ball, location: 2F 1-2: Strikes out swinging
|
|
Batting: RHB Jose Vasquez
|
0-0: Ball 1-0: Foul Ball, location: 2F 1-1: Ball 2-1: DOUBLE (Line Drive, 9LD, EV 109.4 MPH) Jimmy Hammertime to third Runner from 3rd tries for Home, SAFE, throw by RF to trailing runner, SAFE at third!
|
|
Batting: SHB Floyd-William Goof
|
0-0: Swinging Strike 0-1: Foul Ball, location: 2F 0-2: Ball 1-2: Ball 2-2: Ball 3-2: SINGLE (Groundball, 6S, EV 67.5 MPH) (infield hit) Jose Vasquez scores
|
|
Batting: RHB Steve Jordan
|
0-0: Swinging Strike Floyd-William Goof is caught stealing 2nd base 2-4 0-1: Ball 1-1: SINGLE (Line Drive, 78M, EV 111.9 MPH)
|
|
Batting: SHB Robbie Rogers
|
0-0: Called Strike Steve Jordan steals 2nd base 0-1: Ball 1-1: Ball 2-1: Ball 3-1: Foul Ball, location: 2F 3-2: Ground out 5-3 (Groundball, 56S, EV 69.4 MPH)
|
| Top of the 3rd over - 2 runs, 4 hits, 0 errors, 1 left on base; Seattle 2 - Texas 0 |
| BOTTOM OF THE 3RD |
|
Texas Rangers batting - Pitching for Seattle Mariners : LHP Antonio Diaz
|
|
Batting: RHB Danny Heyer
|
0-0: Ground out 2-3 (Groundball, 2R, EV 62.5 MPH)
|
|
Batting: LHB Andy Bowman
|
0-0: Ball 1-0: Ball 2-0: Ball 3-0: Fly out, F7 (Flyball, 7LM, EV 96.9 MPH)
|
|
Batting: RHB Blake Ballard
|
0-0: Ball 1-0: Fly out, F5 (Line Drive, 5, EV 70.0 MPH)
|
| Bottom of the 3rd over - 0 runs, 0 hits, 0 errors, 0 left on base; Seattle 2 - Texas 0 |
| TOP OF THE 4TH |
|
Seattle Mariners batting - Pitching for Texas Rangers : RHP Gavin Nelson
|
|
Batting: RHB Pavpv Ivanushkin
|
0-0: Ball 1-0: Foul Ball, location: 2F 1-1: Ground out 6-3 (Groundball, 6, EV 85.0 MPH)
|
|
Batting: RHB Tony Vargas
|
0-0: Ball 1-0: Called Strike 1-1: Swinging Strike 1-2: Strikes out looking
|
|
Batting: RHB Harutomi Matsubara
|
0-0: Ball 1-0: Swinging Strike 1-1: Called Strike 1-2: Ball 2-2: Foul Ball, location: 2F 2-2: Ball 3-2: Foul Ball, location: 2F 3-2: Foul Ball, location: 2F 3-2: Base on Balls
|
|
Batting: RHB Jimmy Hammertime
|
0-0: Ball 1-0: Ball 2-0: Ball 3-0: Called Strike 3-1: Base on Balls Harutomi Matsubara to second
|
|
Batting: LHB Dae-ik Yoon
|
0-0: Called Strike 0-1: Called Strike 0-2: SINGLE (Groundball, 6S, EV 71.9 MPH) (infield hit) Harutomi Matsubara to third Jimmy Hammertime to second
|
|
Batting: RHB Jose Vasquez
|
0-0: Ball 1-0: Ball 2-0: Called Strike 2-1: DOUBLE (Line Drive, 8RXD, EV 112.5 MPH) Harutomi Matsubara scores Jimmy Hammertime scores Dae-ik Yoon to third
|
|
Batting: SHB Floyd-William Goof
|
0-0: Called Strike 0-1: Ball 1-1: Foul Ball, location: 2F 1-2: Strikes out swinging
|
| Top of the 4th over - 2 runs, 2 hits, 0 errors, 2 left on base; Seattle 4 - Texas 0 |
| BOTTOM OF THE 4TH |
|
Texas Rangers batting - Pitching for Seattle Mariners : LHP Antonio Diaz
|
|
Batting: RHB Butch Kaiser
|
0-0: SOLO HOME RUN (Flyball, 9D, EV 95.6 MPH), Distance : 370 ft
|
|
Batting: SHB John Giesbrecht
|
0-0: Foul Ball, location: 2F 0-1: Ball 1-1: Ball 2-1: Ball 3-1: Swinging Strike 3-2: Base on Balls
|
|
Batting: SHB Addick de Vries
|
0-0: Called Strike 0-1: SINGLE (Line Drive, 9S, EV 88.1 MPH) John Giesbrecht to second Runner from 2nd tries for 3rd, SAFE, no throw by RF
|
|
Batting: RHB Chad Thompson
|
0-0: Ball 1-0: Called Strike 1-1: Fly out, F4 (Popup, 4S, EV 71.2 MPH)
|
|
Batting: RHB Ray Llewellyn
|
0-0: Ball 1-0: Ball 2-0: Ball 3-0: Base on Balls Addick de Vries to second
|
|
Batting: RHB Zhao-ji Chi
|
0-0: Hit by Pitch John Giesbrecht scores Addick de Vries to third Ray Llewellyn to second
|
|
Batting: RHB Danny Heyer
|
0-0: Ball 1-0: Foul Ball, location: 2F 1-1: Ball 2-1: Foul Ball, location: 2F 2-2: Ball 3-2: DOUBLE (Flyball, 78D, EV 101.9 MPH) Addick de Vries scores Ray Llewellyn scores Zhao-ji Chi to third
|
|
Batting: LHB Andy Bowman
|
0-0: Called Strike 0-1: Foul Ball, location: 2F 0-2: DOUBLE (Line Drive, 7LS, EV 96.2 MPH) Zhao-ji Chi scores Danny Heyer scores
|
|
Pitching: RHP Kyle Ridgeway
|
|
|
Batting: RHB Blake Ballard
|
0-0: Ball 1-0: Called Strike 1-1: Ball 2-1: Foul Ball, location: 2F 2-2: Strikes out looking
|
|
Batting: RHB Butch Kaiser
|
0-0: Ball 1-0: Ball 2-0: Called Strike 2-1: Ball 3-1: Base on Balls
|
|
Batting: SHB John Giesbrecht
|
0-0: Swinging Strike 0-1: Foul Ball, location: 2F 0-2: Ball 1-2: Foul Ball, location: 2F 1-2: Ball 2-2: Ball 3-2: Base on Balls Andy Bowman to third Butch Kaiser to second
|
|
Batting: SHB Addick de Vries
|
0-0: Ball 1-0: SINGLE (Groundball, 34D, EV 97.5 MPH) Andy Bowman scores Butch Kaiser to third John Giesbrecht to second Runner from 3rd tries for Home, SAFE, throw by RF to home
|
|
Batting: RHB Chad Thompson
|
0-0: Ball 1-0: Swinging Strike 1-1: Ball 2-1: Foul Ball, location: 2F 2-2: Strikes out swinging passed ball, reaches first! John Giesbrecht to third Addick de Vries to second
|
|
Batting: RHB Ray Llewellyn
|
0-0: Called Strike 0-1: Ball 1-1: Ball 2-1: Ball 3-1: Base on Balls John Giesbrecht scores Addick de Vries to third Chad Thompson to second
|
|
Batting: RHB Zhao-ji Chi
|
0-0: Called Strike 0-1: Foul Ball, location: 2F 0-2: Ball 1-2: Foul Ball, location: 2F 1-2: Foul Ball, location: 2F 1-2: Ground out 6-3 (Groundball, 6MS, EV 73.8 MPH)
|
| Bottom of the 4th over - 9 runs, 5 hits, 0 errors, 3 left on base; Seattle 4 - Texas 9 |
| TOP OF THE 5TH |
|
Seattle Mariners batting - Pitching for Texas Rangers : RHP Gavin Nelson
|
|
Batting: RHB Steve Jordan
|
0-0: Foul Ball, location: 2F 0-1: Ball 1-1: Fly out, F9 (Flyball, 9LM, EV 93.1 MPH)
|
|
Batting: SHB Robbie Rogers
|
0-0: Ball 1-0: Called Strike 1-1: Ground out U3 (Groundball, 34, EV 103.8 MPH)
|
|
Batting: RHB Pavpv Ivanushkin
|
0-0: Ball 1-0: SINGLE (Groundball, 56D, EV 109.4 MPH)
|
|
Batting: RHB Tony Vargas
|
0-0: Ball 1-0: SINGLE (Groundball, P, EV 83.1 MPH) (infield hit) Pavpv Ivanushkin to second
|
|
Batting: RHB Harutomi Matsubara
|
0-0: 3-RUN HOME RUN (Flyball, 78XD, EV 101.9 MPH), Distance : 411 ft
|
|
Pitching: RHP Brad Kramer
|
|
|
Batting: RHB Jimmy Hammertime
|
0-0: Called Strike 0-1: DOUBLE (Line Drive, 3D, EV 105.0 MPH)
|
|
Batting: LHB Dae-ik Yoon
|
0-0: Ball 1-0: Swinging Strike 1-1: Ball 2-1: Ball 3-1: Base on Balls
|
|
Batting: RHB Jose Vasquez
|
0-0: Fly out, F8 (Line Drive, 78M, EV 105.0 MPH)
|
| Top of the 5th over - 3 runs, 4 hits, 0 errors, 2 left on base; Seattle 7 - Texas 9 |
| BOTTOM OF THE 5TH |
|
Texas Rangers batting - Pitching for Seattle Mariners : RHP Kyle Ridgeway
|
|
Batting: RHB Danny Heyer
|
0-0: Swinging Strike 0-1: Foul Ball, location: 2F 0-2: Foul Ball, location: 2F 0-2: Ball 1-2: Strikes out looking
|
|
Batting: LHB Andy Bowman
|
0-0: Ball 1-0: Ball 2-0: Called Strike 2-1: Foul Ball, location: 2F 2-2: Ground out 4-3 (Groundball, 4M, EV 85.6 MPH)
|
|
Batting: RHB Blake Ballard
|
0-0: Called Strike 0-1: Ground out 6-3 (Groundball, 56D, EV 96.2 MPH)
|
| Bottom of the 5th over - 0 runs, 0 hits, 0 errors, 0 left on base; Seattle 7 - Texas 9 |
| TOP OF THE 6TH |
|
Seattle Mariners batting - Pitching for Texas Rangers : RHP Brad Kramer
|
|
Batting: SHB Floyd-William Goof
|
0-0: Called Strike 0-1: Ball 1-1: Called Strike 1-2: Ball 2-2: Fly out, F8 (Flyball, 89D, EV 103.8 MPH)
|
|
Batting: RHB Steve Jordan
|
0-0: Ball 1-0: Called Strike 1-1: Foul Ball, location: 2F 1-2: Foul Ball, location: 2F 1-2: Strikes out swinging
|
|
Batting: SHB Robbie Rogers
|
0-0: Called Strike 0-1: Foul Ball, location: 2F 0-2: Strikes out swinging
|
| Top of the 6th over - 0 runs, 0 hits, 0 errors, 0 left on base; Seattle 7 - Texas 9 |
| BOTTOM OF THE 6TH |
|
Texas Rangers batting - Pitching for Seattle Mariners : RHP Kyle Ridgeway
|
|
Pitching: LHP David Anaya
|
|
|
Batting: RHB Butch Kaiser
|
0-0: Ball 1-0: Ball 2-0: Ball 3-0: Base on Balls
|
|
Batting: SHB John Giesbrecht
|
0-0: Called Strike 0-1: Ball 1-1: Foul Ball, location: 2F 1-2: Ball 2-2: Grounds into double play, 6-4-3 (Groundball, 6, EV 108.1 MPH)
|
|
Batting: SHB Addick de Vries
|
0-0: Ball 1-0: Called Strike 1-1: SINGLE (Groundball, 5S, EV 74.4 MPH) (infield hit)
|
|
Batting: RHB Chad Thompson
|
0-0: Ball 1-0: Fly out, F9 (Flyball, 9S, EV 79.4 MPH)
|
| Bottom of the 6th over - 0 runs, 1 hit, 0 errors, 1 left on base; Seattle 7 - Texas 9 |
| TOP OF THE 7TH |
|
Seattle Mariners batting - Pitching for Texas Rangers : RHP Brad Kramer
|
|
Pitching: RHP Kyle Curve
|
|
|
Batting: RHB Pavpv Ivanushkin
|
0-0: Ball 1-0: Ball 2-0: Ball 3-0: Called Strike 3-1: Called Strike 3-2: Base on Balls
|
|
Batting: RHB Tony Vargas
|
0-0: Fly out, F9 (Line Drive, 9, EV 90.0 MPH)
|
|
Batting: RHB Harutomi Matsubara
|
0-0: SINGLE (Groundball, 5S, EV 71.2 MPH) (infield hit) Pavpv Ivanushkin to second
|
|
Batting: RHB Jimmy Hammertime
|
0-0: Ball 1-0: Ball 2-0: Called Strike 2-1: Swinging Strike 2-2: Ball 3-2: Strikes out swinging
|
|
Batting: LHB Dae-ik Yoon
|
0-0: Ball 1-0: Called Strike 1-1: Ball Wild Pitch! Pavpv Ivanushkin to third Harutomi Matsubara to second 2-1: Ball 3-1: Foul Ball, location: 2F 3-2: Base on Balls
|
|
Batting: RHB Jose Vasquez
|
0-0: SINGLE (Line Drive, 7S, EV 96.2 MPH) Pavpv Ivanushkin scores Harutomi Matsubara to third Dae-ik Yoon to second
|
|
Batting: SHB Floyd-William Goof
|
0-0: Ball 1-0: Swinging Strike 1-1: Ball 2-1: Ball 3-1: Swinging Strike 3-2: Foul Ball, location: 2F 3-2: Base on Balls Harutomi Matsubara scores Dae-ik Yoon to third Jose Vasquez to second
|
|
Batting: RHB Steve Jordan
|
0-0: Ball 1-0: Fly out, F4 (Popup, 4S, EV 75.6 MPH)
|
| Top of the 7th over - 2 runs, 2 hits, 0 errors, 3 left on base; Seattle 9 - Texas 9 |
| BOTTOM OF THE 7TH |
|
Texas Rangers batting - Pitching for Seattle Mariners : LHP David Anaya
|
|
Pitching: RHP William de Jesus
|
|
|
Batting: RHB Ray Llewellyn
|
0-0: Fly out, F8 (Flyball, 8LM, EV 90.0 MPH)
|
|
Batting: RHB Zhao-ji Chi
|
0-0: Called Strike 0-1: Ball 1-1: Ball 2-1: Ground out 6-3 (Groundball, 56, EV 106.9 MPH)
|
|
Batting: RHB Danny Heyer
|
0-0: Ball 1-0: Fly out, F9 (Flyball, 89M, EV 90.0 MPH)
|
| Bottom of the 7th over - 0 runs, 0 hits, 0 errors, 0 left on base; Seattle 9 - Texas 9 |
| TOP OF THE 8TH |
|
Seattle Mariners batting - Pitching for Texas Rangers : RHP Kyle Curve
|
|
Pitching: RHP Andrew Coker
|
|
|
Batting: SHB Robbie Rogers
|
0-0: SINGLE (Line Drive, 89S, EV 104.4 MPH)
|
|
Batting: RHB Pavpv Ivanushkin
|
0-0: Ball 1-0: Sac Bunt to 3S - play at first, batter OUT! 3-1 Robbie Rogers to second
|
|
Batting: RHB Tony Vargas
|
0-0: Ball 1-0: Called Strike 1-1: Foul Ball, location: 2F 1-2: Ball 2-2: Ball 3-2: Ground out 6-3 (Groundball, 56, EV 103.1 MPH)
|
|
Batting: RHB Harutomi Matsubara
|
0-0: Foul Ball, location: 2F 0-1: SINGLE (Groundball, 6MD, EV 105.6 MPH) Robbie Rogers to third Runner from 3rd tries for Home, throw by CF and OUT! 8-2
|
| Top of the 8th over - 0 runs, 2 hits, 0 errors, 1 left on base; Seattle 9 - Texas 9 |
| BOTTOM OF THE 8TH |
|
Texas Rangers batting - Pitching for Seattle Mariners : RHP William de Jesus
|
|
Batting: LHB Andy Bowman
|
0-0: Called Strike 0-1: Ball 1-1: Ball 2-1: Swinging Strike 2-2: Foul Ball, location: 2F 2-2: Strikes out swinging
|
|
Pinch Hitting: LHB Sean Geisler
|
0-0: DOUBLE (Flyball, 8LXD, EV 90.6 MPH)
|
|
Batting: RHB Butch Kaiser
|
0-0: Called Strike Sean Geisler is caught stealing 3rd base 2-5 0-1: SINGLE (Groundball, 56D, EV 108.8 MPH)
|
|
Batting: SHB John Giesbrecht
|
0-0: Ball Butch Kaiser steals 2nd base 1-0: Ball 2-0: Fly out, F9 (Flyball, 9, EV 86.9 MPH)
|
| Bottom of the 8th over - 0 runs, 2 hits, 0 errors, 1 left on base; Seattle 9 - Texas 9 |
| TOP OF THE 9TH |
|
Seattle Mariners batting - Pitching for Texas Rangers : RHP Andrew Coker
|
|
Now in LF: Reilly Hawkins
|
|
|
Now in RF: Andy Bowman
|
|
|
Batting: RHB Jimmy Hammertime
|
0-0: Swinging Strike 0-1: Ball 1-1: Ground out 6-3 (Groundball, 6, EV 88.8 MPH)
|
|
Batting: LHB Dae-ik Yoon
|
0-0: Ball 1-0: Ball 2-0: Ball 3-0: Base on Balls
|
|
Batting: RHB Jose Vasquez
|
0-0: Ball 1-0: Foul Ball, location: 2F 1-1: SINGLE (Line Drive, 78S, EV 95.6 MPH) Dae-ik Yoon to second
|
|
Batting: SHB Floyd-William Goof
|
0-0: SINGLE (Line Drive, 6MD, EV 95.6 MPH) Dae-ik Yoon to third Jose Vasquez to second
|
|
Batting: RHB Steve Jordan
|
0-0: Ball 1-0: Ball 2-0: Fly out, F8 (Flyball, 8LD, EV 107.5 MPH) Runner from 3rd tags up, SCORES, no throw by CF
|
|
Batting: SHB Robbie Rogers
|
0-0: Fly out, F8 (Line Drive, 8LM, EV 96.9 MPH)
|
| Top of the 9th over - 1 run, 2 hits, 0 errors, 2 left on base; Seattle 10 - Texas 9 |
| BOTTOM OF THE 9TH |
|
Texas Rangers batting - Pitching for Seattle Mariners : RHP William de Jesus
|
|
Pitching: RHP Omar Colunga
|
|
|
Now at 2B: Malik Brookshire
|
|
|
Now at 3B: Corey Ottinger
|
|
|
Batting: SHB Addick de Vries
|
0-0: Ball 1-0: Foul Ball, location: 2F 1-1: Called Strike 1-2: Strikes out swinging
|
|
Batting: RHB Chad Thompson
|
0-0: Ball 1-0: Ball 2-0: SINGLE (Groundball, 56S, EV 60.6 MPH) (infield hit)
|
|
Batting: RHB Ray Llewellyn
|
0-0: Ball Wild Pitch! Chad Thompson to second 1-0: Ball 2-0: Called Strike 2-1: Ball 3-1: Base on Balls
|
|
Batting: RHB Zhao-ji Chi
|
0-0: Swinging Strike 0-1: Ball 1-1: Ball 2-1: Swinging Strike 2-2: Strikes out swinging
|
|
Batting: RHB Danny Heyer
|
0-0: Ball 1-0: Foul Ball, location: 2F 1-1: Ball 2-1: Swinging Strike 2-2: Strikes out looking
|
| Bottom of the 9th over - 0 runs, 1 hit, 0 errors, 2 left on base; Seattle 10 - Texas 9 |
|